Description

Taken mostly from another build, made for personal use, includes droning.

Build Order

Get SALT Encoding   

  12  0:01  Drone  
  13  0:12  Overlord  
  13  0:18  Drone  
  14  0:30  Drone x3  
  17  0:55  Hatchery  
  17  0:57  Drone x2  
  18  1:11  Extractor  
  17  1:15  Spawning Pool  
  16  1:18  Drone x2  
  18  1:28  Drone  
  19  1:38  Overlord  
  20  2:02  Queen x2  
  20  2:03  Zergling x2  
  22  2:10  Drone x5  
  27  2:20  Metabolic Boost  
  27  2:30  Drone x5  
  33  2:52  Hatchery  
  33  2:53  Overlord  
  33  2:57  Zergling x2  
  33  3:00  Queen  
  33  3:03  Drone x3  
  36  3:08  Overlord  
Spawning Tool Build Advisor. Get it on Overwolf

Go to:

Details

  • Created by: DiamondZac3
  • Published on: Jun 29, 2017
  • Modified on: Jun 29, 2017
  • Patch: 3.8.0
Show
View Real Time Build Order
Export as new Build Order

Comments (2)

On July 21, 2017, 4:53 p.m., Zingy  said:

did you forget half the build? there is not even a spire in there

On July 1, 2017, 8:02 p.m., 4thJobHokage  said:

That opener looks standard and solid, but it doesn't look like a build for a Brood Lord Rush...

Create an account to comment!